Workbook
Name ALTA: 3
Name BAJA: 1
Name CATASTROFICO: 20
Name LEVE: 5
Name MEDIA: 2
Name MODERADO: 10

Sheet PRESUPUESTO RESUMEN
B1: PRESUPUESTO RESUMEN PROYECTO INTEGRAL
A3: OBJETO | B3: Aunar esfuerzos técnicos, administrativos, financieros y jurídicos para la construcción e interventoría del Centro Administrativo Municipal de Envigado (CAM).
A5: ITEM | B5: DESCRIPCION | C5: Valor Proyecto | D5: Aporte DESur | E5: Aporte Municipio
A6: 1 | B6: COMPONENTE DIAGNOSTICO | C6: =C7 -> 1984478 | D6: =D7 -> 1984478 | E6: =SUM(E7:E7) -> 0
A7: 1.1 | B7: Diagnóstico contexto social | C7: ='A4-PRESUPUESTO COMPONENTES'!H20 -> 1984478 | D7: =C7 -> 1984478 | E7: 0
B8: COMPONENTE ESTUDIOS Y DISEÑOS
A13: 2 | B13: COMPONENTE DE CONSTRUCCIÓN E INTERVENTORÍA | C13: =SUM(C14:C21) -> 9.2070077e+10 | D13: =SUM(D14:D21) -> 0 | E13: =SUM(E14:E21) -> 9.2070077e+10
A14: 2.1 | B14: Construcción | C14: ='2.1 PRESUPUESTO CONSTRUCCIÓN'!G376 -> 8.7404264e+10 | D14: 0 | E14: =C14 -> 8.7404264e+10
A15: 2.2 | B15: Interventoría | C15: ='2.2 PRESUPUESTO INTERVENTORÍA'!C101 -> 4.6658134e+09 | D15: 0 | E15: =C15 -> 4.6658134e+09
B16: ADQUISICIÓN PREDIAL
A22: 3 | B22: COMPONENTE EVALUACIÓN | C22: =C23 -> 12691223 | D22: =D23 -> 12691223 | E22: =E23 -> 0
A23: 3.1 | B23: Evaluación del proyecto | C23: ='A4-PRESUPUESTO COMPONENTES'!H45 -> 12691223 | D23: =C23 -> 12691223 | E23: 0
B24: SUBTOTAL | C24: =C6+C8+C13+C16+C22 -> 9.2084753e+10 | D24: =D6+D8+D13+D16+D22 -> 14675701 | E24: =E6+E8+E13+E16+E22 -> 9.2070077e+10
A25: 4 | B25: COMPONENTE GERENCIA (1%) | C25: =ROUND(C24*0.01,0) -> 920847529 | D25: 0 | E25: =+C25 -> 920847529
A26: Total Componentes | C26: =ROUND(C24+C25,0) -> 93005600434 | D26: =+D24+D25 -> 14675701 | E26: =+E24+E25 -> 9.2990925e+10
A27: Honorarios | E27: =ROUND(E26*0.05,0) -> 4649546237
A28: IVA Honorarios (19%) | E28: =ROUND(E27*0.19,0) -> 883413785
A29: Total Honorarios | E29: =+E27+E28 -> 5532960022 | F29: CDP | G29: DIFERENCIA
A31: VALOR APORTES | D31: =ROUND(D26,0) -> 14675701 | E31: =ROUND(E26+E29,0) -> 98523884755 | F31: ='FORMA DE PAGO'!B10 -> 98523884755 | G31: =E31-F31 -> 0
A32: VALOR TOTAL CONVENIO | D32: =ROUND(D31+E31,0) -> 98538560456

Sheet A4-PRESUPUESTO COMPONENTES
B1: PRESUPUESTO POR COMPONENTES ANEXO N°4
A3: OBJETO | B3: ='PRESUPUESTO RESUMEN'!B3:E3 -> Aunar esfuerzos técnicos, administrativos, financieros y jurídicos para la construcción e interventoría del Centro Administrativo Municipal de Envigado (CAM).
A5: 1. COMPONENTE DIAGNOSTICO
A6: 1.1 | B6: Diagnostico contexto ambiental
A7: ITEM | B7: CARGO | C7: Cantidad | D7: % Utilización | E7: Salario Basico | F7: No. De meses | G7: Factor multiplicador | H7: Valor Total
A8: 1 | B8: Director del Proyecto | C8: 1 | D8: 0.05 | E8: 7119404 | F8: 0.5 | G8: 1.81 | H8: =C8*D8*E8*F8*G8 -> 322153.03
A9: 2 | B9: Ingeniero ambiental | C9: 1 | D9: 0.5 | E9: 4381932 | F9: 0.5 | G9: 1.81 | H9: =C9*D9*E9*F9*G9 -> 1982824.2
A10: SUBTOTAL | H10: =H8+H9 -> 2304977.3
A11: IVA 19% | H11: =H10*19% -> 437945.68
A12: TOTAL | H12: =ROUND((H10+H11),0) -> 2742923
A14: 1.2 | B14: Diagnostico contexto social
A15: ITEM | B15: CARGO | C15: Cantidad | D15: % Utilización | E15: Salario Basico | F15: No. De meses | G15: Factor multiplicador | H15: Valor Total
A16: 1 | B16: Director del Proyecto | C16: 1 | D16: 0.05 | E16: 7119404 | F16: 0.5 | G16: 1.81 | H16: =C16*D16*E16*F16*G16 -> 322153.03
A17: 2 | B17: Profesional social | C17: 1 | D17: 0.5 | E17: 5125620 | F17: 0.5 | G17: 1.05 | H17: =C17*D17*E17*F17*G17 -> 1345475.2
A18: SUBTOTAL | H18: =H16+H17 -> 1667628.3
A19: IVA 19% | H19: =H18*19% -> 316849.37
A20: TOTAL | H20: =ROUND((H18+H19),0) -> 1984478
A22: TOTAL COMPONENTE DIAGNOSTICO | H22: =+H12+H20 -> 4727401
A24: 4. COMPONENTE ADQUISICIÓN PREDIAL
A26: ITEM | B26: CARGO | C26: Cantidad | D26: % Utilización | E26: Salario Basico | F26: No. De meses | G26: Factor multiplicador | H26: Valor Total
A27: 1 | B27: Director del Proyecto | D27: 0.05 | E27: 7119404 | G27: 1.81 | H27: =C27*D27*E27*F27*G27 -> 0
A28: 2 | B28: Ingeniero civil | E28: 5125620 | G28: 1.81 | H28: =C28*D28*E28*F28*G28 -> 0
A29: 3 | B29: Arquitecto | E29: 5125620 | G29: 1.81 | H29: =C29*D29*E29*F29*G29 -> 0
A30: 5 | B30: Abogado | E30: 5125620 | G30: 1.81 | H30: =C30*D30*E30*F30*G30 -> 0
A31: 4 | B31: Ingeniero ambiental | E31: 4381932 | G31: 1.81 | H31: =C31*D31*E31*F31*G31 -> 0
A32: 6 | B32: Profesional Social (P.S) | E32: 5125620 | G32: 1.05 | H32: =C32*D32*E32*F32*G32 -> 0
A33: 7 | B33: Evaluador del proyecto (P.S) | E33: 5125620 | G33: 1.05 | H33: =C33*D33*E33*F33*G33 -> 0
A34: SUBTOTAL | H34: =SUM(H27:H33) -> 0
A35: IVA 19% | H35: =H34*0.19 -> 0
A36: TOTAL | H36: =H34+H35 -> 0
A37: 3. COMPONENTE EVALUACIÓN | B37: PERSONAL REQUERIDO
A38: 3.1 | B38: Evaluación del Proyectos
A39: ITEM | B39: CARGO | C39: Cantidad | D39: % Utilización | E39: Salario Basico | F39: No. De meses | G39: Factor multiplicador | H39: Valor Total
A40: 1 | B40: Director del Proyecto | C40: 1 | D40: 0.05 | E40: 7119404 | F40: 1 | G40: 1.81 | H40: =C40*D40*E40*F40*G40 -> 644306.06
A41: 2 | B41: Profesional Social (P.S) | C41: 1 | D41: 1 | E41: 5125620 | F41: 1 | G41: 1.05 | H41: =C41*D41*E41*F41*G41 -> 5381901
A42: 3 | B42: Evaluador del proyecto (P.S) | C42: 1 | D42: 0.5 | E42: 5125620 | F42: 1 | G42: 1.81 | H42: =C42*D42*E42*F42*G42 -> 4638686.1
A43: SUBTOTAL | H43: =SUM(H40:H42) -> 10664893
A44: IVA 19% | H44: =H43*0.19 -> 2026329.7
A45: TOTAL COMPONENTE EVALUACIÓN | H45: =ROUND((H43+H44),0) -> 12691223
A47: CALCULO FACTOR MULTIPLICADOR PERSONAL
A48: ITEM | B48: DESCRIPCION | C48: %
A49: 1 | B49: SUELDO | C49: 1
A50: 2 | B50: PRESTACIONES SOCIALES
A51: 2.1 | B51: PRESTACIONES LEGALES | C51: =SUM(C52:C59) -> 0.3903
A52: 2.1.1 | B52: CESANTIAS ANUALES | C52: 0.1012
A53: 2.1.2 | B53: INTERESES SOBRE CESANTIAS | C53: 0.01
A54: 2.1.3 | B54: VACACIONES ANUALES (15 DIAS) | C54: 0.0589
A55: 2.1.4 | B55: PRIMA DE VACACIONES | C55: 0.0478
A56: 2.1.5 | B56: PRIMA ANUAL DE SERVICIOS | C56: 0.0441
A57: 2.1.6 | B57: BONIFICACION DE SERVICIOS PRESTADOS | C57: 0.0292
A58: 2.1.7 | B58: BONIFICACION DE RECREACION | C58: 0.0056
A59: 2.1.8 | B59: PRIMA DE NAVIDAD | C59: 0.0935
A60: 2.2 | B60: APORTES PARAFISCALES | C60: =C61 -> 0.04
A61: 2.2.1 | B61: CAJA DE COMPENSACION | C61: 0.04
A62: 2.3 | B62: SEGURIDAD SOCIAL | C62: =SUM(C63:C66) -> 0.3246
A63: 2.3.1 | B63: SISTEMA DE SEGURIDAD SOCIAL : SALUD | C63: 0.085
A64: 2.3.2 | B64: SISTEMA DE SEGURIDAD SOCIAL : PENSIÒN | C64: 0.12
A65: 2.3.3 | B65: ARP PERSONAL EN OBRA | C65: 0.0696
A66: 2.3.4 | B66: PARAFISCALES | C66: 0.05
A67: 3 | B67: UTILIDAD | C67: 0.05
A68: FACTOR MULTIPLICADOR PERSONAL | C68: =C49+C51+C60+C62+C67 -> 1.8049
C69: =ROUNDUP(C68,2) -> 1.81

Sheet CRONOGRAMA
C1: CRONOGRAMA DE EJECUCIÓN ANEXO N°1
C2: ='PRESUPUESTO RESUMEN'!B3:E3 -> 0
A3: Item | B3: Descripción | H3: MES 1 | I3: MES 2 | J3: MES 3 | K3: MES 4 | L3: MES 5 | M3: MES 6 | N3: MES 7 | O3: MES 8 | P3: MES 9 | Q3: MES 10 | R3: MES 11
A6: 1 | B6: INICIO DEL CONTRATO ESPECIFICO | C6: gl | D6: 1 | E6: =+'[1]RESUMEN '!C5 -> 113502000 | F6: =+D6*E6 -> 113502000 | G6: P
A7: 2 | B7: DIAGNOSTICO DE REQUERIMIENTOS TÉCNICOS Y CARACTERIZACIÓN DEL PROYECTO | G7: P
A8: 3 | B8: ELABORACIÓN DE PRESUPUESTO Y CRONOGRAMA DETALLADO DE DISEÑO | C8: gl | D8: 1 | E8: =+'[1]RESUMEN '!C6 -> 2.3287755e+09 | F8: =+D8*E8 -> 2.3287755e+09 | G8: P
A9: 4 | B9: DIAGNOSTICO CONTEXTO SOCIAL | C9: gl | D9: 1 | E9: =+'[1]RESUMEN '!C7 -> 6.2140278e+08 | F9: =+D9*E9 -> 6.2140278e+08 | G9: P
A10: 5 | B10: DIAGNOSTICO CONTEXTO AMBIENTAL | C10: gl | D10: 1 | E10: =+'[1]RESUMEN '!C8 -> 3.0786179e+09 | F10: =+D10*E10 -> 3.0786179e+09 | G10: P
A11: 6 | B11: PROCESO DE SELECCIÓN CONTRATISTA DISEÑADOR | G11: P
A12: 7 | B12: EJECUCION DE DISEÑOS | C12: gl | D12: 1 | E12: =+'[1]RESUMEN '!C9 -> 34484947 | F12: =+D12*E12 -> 34484947 | G12: P
A13: 8 | B13: ELABORACION DEL PMA | C13: gl | D13: 1 | E13: =+'[1]RESUMEN '!C10 -> 60701322 | F13: =+D13*E13 -> 60701322 | G13: P
A14: 9 | B14: ELABORACION DEL PMT | C14: gl | D14: 1 | E14: =+'[1]RESUMEN '!C11 -> 6.3176292e+08 | F14: =+D14*E14 -> 6.3176292e+08 | G14: P
A15: 10 | B15: GERENCIA | C15: gl | D15: 1 | E15: =+'[1]RESUMEN '!C12 -> 1166901225 | F15: =+D15*E15 -> 1166901225 | G15: P
A16: 11 | B16: EVALUACION | C16: gl | D16: 1 | E16: =+'[1]RESUMEN '!C13 -> 1.4141028e+09 | F16: =+D16*E16 -> 1.4141028e+09 | G16: P
A17: 12 | B17: LIQUIDACION CONTRATO DE DISEÑOS | C17: gl | D17: 1 | E17: =+'[1]RESUMEN '!C14 -> 6.7312428e+08 | F17: =+D17*E17 -> 6.7312428e+08 | G17: P
A18: 13 | B18: LIQUIDACION DEL CONTRATO ESPECIFICO | G18: P

Sheet 2.1 PRESUPUESTO CONSTRUCCIÓN
A2: Proyecto 4276-22- CAM Envigado - Ppto oficial Planeacion
A3: Presupuesto Detallado
A4: Subcapitulo
A5: Código | B5: Item | C5: Descripción | D5: UM | E5: Cantidad | F5: Valor Unitario | G5: Valor Total
A6: COSTOS DIRECTOS
A7: CAPITULO No.1 PRELIMINARES Y DEMOLICIONES
A8: 1.001 | B8: 42760001 | C8: LOCALIZACIÓN, TRAZADO Y REPLANTEO. Se utilizará personal experto con equipo de precisión. Se hará con la frecuencia que lo indique la interventoría. Incluye demarcación con pintura, línea de trazado | D8: dia | E8: 300 | F8: 538534 | G8: =E8*F8 -> 161560200
A9: 1.002 | B9: 42760006 | C9: Porteria provisional | D9: Glb | E9: 1 | F9: 1000000 | G9: =E9*F9 -> 1000000
A10: 1.003 | B10: 42760007 | C10: Derechos de servicios o conexión | D10: Glb | E10: 1 | F10: 1000000 | G10: =E10*F10 -> 1000000
A11: 1.004 | B11: 42760011 | C11: Provisionales Punto de red y/o telefono (Puestos de trabajo) | D11: Glb | E11: 1 | F11: 3200000 | G11: =E11*F11 -> 3200000
A12: 1.005 | B12: 42760013 | C12: Construccion bateria sanitaria (1/15 trabajadores) - Incluye desmovilizacion | D12: Glb | E12: 1 | F12: 24000000 | G12: =E12*F12 -> 24000000
A13: 1.006 | B13: 42760015 | C13: Taller de figurado de acero (Burro) - Incluye desmovilizacion | D13: u | E13: 2 | F13: 2625000 | G13: =E13*F13 -> 5250000
A14: 1.007 | B14: 42760016 | C14: Suministro e instalacion CERRAMIENTO PROVISIONAL EN SUPERBOAR H=2.44 m, por los costados del lote que dan hacia la cra 43 A y calle 38 sur, con placas de Superboard por una cara, espesor 10 mms; de acuerdo con las instrucciones dadas por la interventoría en el sitio de trabajo. Incluye 2 puertas peatonales y dos vehiculares; ademas, mantenimiento por toda la duración de la obra. | D14: m2 | E14: 200 | F14: 139986 | G14: =E14*F14 -> 27997200
A15: 1.008 | B15: 42760017 | C15: Suministro, transporte e instalación de PLÁSTICO Y/O CARPA TIPO INVERNADERO para la protección de excavaciones y posterior proteccion de los materiales de playa destinados a preparacion de morteros y concretos. Plástico Agrolene o similar calibre 7 de ancho aprox de 22.00 mt. colocado a una altura entre 6 aprox , incluye plástico, cable súper GX de 3/16", anclajes en varilla de 5/8", tensores, grilletes, cinta, alambre. Incluye mantenimiento durante la ejecución de las excavaciones y posterior desmonte. Incluye materiales, mano de obra, equipo y demás requerimientos necesarios. | D15: m2 | E15: 900 | F15: 19000 | G15: =E15*F15 -> 17100000
A16: 1.009 | B16: 42760018 | C16: DEMOLICIONES EDIFICACIONES EXISTENTES, cargue, transporte y botada de escombros, manual o mecánicamente, de cualquier material, concretos, mamposterías, acabados y carpinterías, entre otros. | D16: Glb | E16: 1 | F16: 353633410 | G16: =E16*F16 -> 353633410
A17: 1.010 | B17: 42760019 | C17: DEMOLICION CIMENTACION, CAJAS, MH Y TUBERÍAS ENTERRADAS QUE PUDIERA HABER EN LAS EDIFICACIONES EXISTENTES, cargue, transporte y botada de escombros, manual o mecánicamente, de cualquier resistencia, estructura y/o material, o red enterrada. | D17: Glb | E17: 1 | F17: 1.194572e+08 | G17: =E17*F17 -> 1.194572e+08
A18: 1.011 | B18: 42760020 | C18: RETIRO DE POSTES DE ILUMINACION EXTERIOR, en estructura metalica o de concreto, cualquier altura. Incluye cargue, transporte, botada en botaderos oficiales o recuperación de los materiales aprovechables y su transporte hasta el sitio que lo indique la interventoría. | D18: Glb | E18: 1 | F18: 31500000 | G18: =E18*F18 -> 31500000
A19: 1.012 | B19: 42760021 | C19: TRASLADO DE RED ELECTRICA EXTERIOR Y SUBTERRANIZACION O CANALIZACION DE LAS MISMA, incluye todos los materiales y equipos necesarios para su correcto ejecucion | D19: m | E19: 100 | F19: 2000000 | G19: =E19*F19 -> 200000000
... A22: 1.015 | B22: 42760025 | C22: CARGUE , TRANSPORTE Y BOTADA de RDC (Residuos de construccion - de todo el proyecto) | D22: m3 | E22: 2300 | F22: 28609 | G22: =E22*F22 -> 65800700
A23: Total Capítulo. 1 PRELIMINARES Y DEMOLICIONES | G23: =SUM(G8:G22) -> 1.0153787e+09
A24: CAPITULO No. 2 EXCAVACIONES Y LLENOS
A25: 2.001 | B25: 42760026 | C25: EXCAVACIÓN MECÁNICA de material heterogéneo, bajo cualquier grado de humedad, Incluye roca descompuesta, bolas de roca de volumen inferior a 0.35 m³. Corte, cargue y botada de material de excavacion | D25: m3 | E25: 9312 | F25: 35450 | G25: =E25*F25 -> 330110400
A26: 2.002 | B26: 42760027 | C26: EXCAVACIÓN MECÁNICA O MANUAL PARA NICHOS en material heterogéneo bajo cualquier grado de humedad, Incluye roca descompuesta, bolas de roca de volumen inferior a 0.35 m³. Corte, cargue y botada de material de excavacion | D26: m3 | E26: 1000 | F26: 149014 | G26: =E26*F26 -> 149014000
A27: 2.003 | B27: 42760028 | C27: EXCAVACIÓN MECÁNICA O MANUAL PARA CUÑAS SOTANO 1 en material heterogéneo bajo cualquier grado de humedad, Incluye roca descompuesta, bolas de roca de volumen inferior a 0.35 m³. Corte, cargue y botad | D27: m3 | E27: 401 | F27: 149014 | G27: =E27*F27 -> 59754614
A28: 2.004 | B28: 42760029 | C28: EXCAVACIÓN MECÁNICA O MANUAL PARA CUÑAS SOTANO 2 en material heterogéneo bajo cualquier grado de humedad, Incluye roca descompuesta, bolas de roca de volumen inferior a 0.35 m³. Corte, cargue y botada de material de excavacion | D28: m3 | E28: 653 | F28: 149014 | G28: =E28*F28 -> 97306142
A29: 2.005 | B29: 42760030 | C29: NIVELACIÓN MECÁNICA Y/O MANUAL del terreno, bajo cualquier grado de humedad con bolas de roca de hasta 0.35 m³, incluye corte de taludes, pendientes y terraceos requeridos según planos de acuerdo a los niveles definitivos y/o definidos por la interventoria. | D29: m2 | E29: 1715 | F29: 19687.5 | G29: =E29*F29 -> 33764062
A30: 2.006 | B30: 42760031 | C30: EXCAVACIÓN MANUAL 0-2 m PARA BRECHAS REDES Y FILTROS en material heterogéneo bajo cualquier grado de humedad, Incluye roca descompuesta, bolas de roca de volumen inferior a 0.35 m³, Icargue y botada de material de excavacion | D30: m3 | E30: 100 | F30: 82101.5 | G30: =E30*F30 -> 8210150
A31: 2.007 | B31: 42760032 | C31: EXCAVACIÓN MANUAL 2-4 m PARA BRECHAS Y FILTROS en material heterogéneo bajo cualquier grado de humedad, roca descompuesta, bolas de roca de volumen inferior a 0.35 m3, Incluye Repaleo en caso de ser neceario, cargue y botada de material de excavacion | D31: m3 | E31: 15 | F31: 94010.5 | G31: =E31*F31 -> 1410157.5
A32: 2.008 | B32: 42760033 | C32: EXCAVACIÓN MANUAL 0-2 m PARA CIMENTACION en material heterogéneo bajo cualquier grado de humedad, Incluye roca descompuesta, bolas de roca de volumen inferior a 0.35 m3,cargue y botada de material de excavacion | D32: m3 | E32: 270 | F32: 82101.5 | G32: =E32*F32 -> 22167405
A33: 2.009 | B33: 42760034 | C33: EXCAVACIÓN MANUAL 0-2 m PARA PILAS DE FUNDACION DIAMETRO FUSTE ENTRE 1.20-1.80m, En material heterogéneo bajo cualquier grado de humedad, Incluye roca descompuesta, bolas de roca de volumen inferior a 0.5 m3, molinete, motobomba, extracción del material de la pila y acarreo interno de materiales, cargue, transporte y botada del material proveniente de la excavación en botaderos oficiales o donde lo indique la interventoría, factor de expansión (30%) y todo lo necesario para su correcta construcción. SU MEDIDA SERA EN SITIO. No incluye anillos de revestimiento | D33: m3 | E33: 100 | F33: 146176.71 | G33: =E33*F33 -> 14617671
A34: 2.010 | B34: 42760035 | C34: EXCAVACIÓN MANUAL 2-4 m PARA PILAS DE FUNDACION DIAMETRO FUSTE ENTRE 1.20-1.80m, En material heterogéneo bajo cualquier grado de humedad, Incluye roca descompuesta, bolas de roca de volumen inferior a 0.5 m3, molinete, motobomba, extracción del material de la pila y acarreo interno de materiales, cargue, transporte y botada del material proveniente de la excavación en botaderos oficiales o donde lo indique la interventoría, factor de expansión (30%) y todo lo necesario para su correcta construcción. SU MEDIDA SERA EN SITIO. No incluye anillos de revestimiento | D34: m3 | E34: 100 | F34: 162125.16 | G34: =E34*F34 -> 16212516
A35: 2.011 | B35: 42760036 | C35: EXCAVACIÓN MANUAL 4-6 m PARA PILAS DE FUNDACION DIAMETRO FUSTE ENTRE 1.20-1.80m, En material heterogéneo bajo cualquier grado de humedad, Incluye roca descompuesta, bolas de roca de volumen inferior a 0.5 m3, molinete, motobomba, extracción del material de la pila y acarreo interno de materiales, cargue, transporte y botada del material proveniente de la excavación en botaderos oficiales o donde lo indique la interventoría, factor de expansión (30%) y todo lo necesario para su correcta construcción. SU MEDIDA SERA EN SITIO. No incluye anillos de revestimiento | D35: m3 | E35: 100 | F35: 197188.86 | G35: =E35*F35 -> 19718886
A36: 2.012 | B36: 42760037 | C36: EXCAVACIÓN MANUAL 6-8 m PARA PILAS DE FUNDACION DIAMETRO FUSTE ENTRE 1.20-1.80m, En material heterogéneo bajo cualquier grado de humedad, Incluye roca descompuesta, bolas de roca de volumen inferior a 0.5 m3, molinete, motobomba, extracción del material de la pila y acarreo interno de materiales, cargue, transporte y botada del material proveniente de la excavación en botaderos oficiales o donde lo indique la interventoría, factor de expansión (30%) y todo lo necesario para su correcta construcción. SU MEDIDA SERA EN SITIO. No incluye anillos de revestimiento | D36: m3 | E36: 100 | F36: 238583.01 | G36: =E36*F36 -> 23858301
... A49: 2.025 | B49: 42760050 | C49: Suministro, transporte y colocación de material tipo BASE GRANULAR de máximo Ø 1½", reacomodado con medios mecánicos y compactado al 100% mínimo del ensayo del proctor modificado, según normas para la | D49: m3 | E49: 164 | F49: 126940 | G49: =E49*F49 -> 20818160
A50: Total Capítulo 2 EXCAVACIONES Y LLENOS | G50: =SUM(G25:G49) -> 1.4474862e+09
A51: CAPITULO No. 3 CONCRETOS SUBESTRUCTURA
A52: 3.001 | B52: 42760054 | C52: Colocación en Concreto de 2500 PSI (17.5 MPa), TM1", para SOLADO, con un espesor DE 0.05 m | D52: m2 | E52: 1990 | F52: 29897.32 | G52: =E52*F52 -> 59495667
A53: 3.002 | B53: 42760055 | C53: Construcción de CUNETA SEMICIRCULAR en Concreto Tipo Fluido de 3000 PSI (21 MPa), TM1", con un DESARROLLO DE 0.55 m. y un ESPESOR DE 0.08 m | D53: m | E53: 200 | F53: 71367.42 | G53: =E53*F53 -> 14273484
A54: 3.003 | B54: 42760056 | C54: Construcción de RONDAS DE CORONACION en Concreto Tipo Fluido de 3000 PSI (21 MPa), TM1", con un DESARROLLO DE 0.50 m. y un ESPESOR DE 0.075 m | D54: m | E54: 412 | F54: 32274.48 | G54: =E54*F54 -> 13297086
A55: 3.004 | B55: 42760057 | C55: MORTERO PROTECCION DE TALUDES, Colocación de concreto de 2000 PSI (14 Mpa) mas malla electrosoldada tipo U 63 o similar en taludes, con un espesor promedio de 0.05 m . Actividad temporal que luego se retira a satisfacción de la Interventoría. Incluye el suministro y el transporte del concreto y todos los demás elementos necesarios para su correcta construcción, incluye acarreo interno. | D55: m2 | E55: 900 | F55: 26931.52 | G55: =E55*F55 -> 24238368
A56: 3.005 | B56: 42760058 | C56: CONSTRUCCION DE RECINTES PARA CONTENCION TEMPORAL e=0.20 EN CONCRETO LANZADO O HIDRAULICO DE 3000 PSI (21 Mpa), Este muro se debe construir por tramos según los requerimientos del Estudio de suelos, ya que es parte de la conformación de la contención y proceso ascendente-descendente que está planteado en el mismo. La actividad debe incluir suministro de materiales, elementos, herramientas, equipos, para su correcta realizacion. | D56: m3 | E56: 170 | F56: 855876.71 | G56: =E56*F56 -> 1.4549904e+08
A57: 3.006 | B57: 42760059 | C57: CONSTRUCCION ANILLOS DE PILAS e=0.10 EN CONCRETO DE 2500 PSI (17.5 Mpa), Incluye el suministro y preparación del concreto, transportes internos, formaletería o encofrado necesario para su ejecución y colocación. | D57: m3 | E57: 250 | F57: 642189.65 | G57: =E57*F57 -> 1.6054741e+08
A58: 3.007 | B58: 42760060 | C58: DEMOLICION ANILLOS DE PILAS Demolición de anillos en concreto luego de la nivelacion final del terreno y excavaciones para vigas de fundacion, espesor 0.10 m y diametros promedio 1.50 m. Donde lo indique la Interventoría. Incluye el equipo necesario para su demolición como taladros y martillos, cargue y botada de escombros dentro del lote. | D58: m3 | E58: 15.5 | F58: 281796 | G58: =E58*F58 -> 4367838
A59: 3.008 | B59: 42760061 | C59: CONSTRUCCION PILAS DE FUNDACION, concreto tipo tremie de 4000 PSI (28 Mpa), TMN 1", incluye el vaciado desde la campana hasta el nivel inferior de la losa de fundación. Incluye suministro, transporte, bombeo con autobomba y colocación del concreto, mano de obra, vibrado, anclaje canasta, protección, para estructuras de acuerdo con las diferentes dimensiones establecidas en los planos y diseños y todos los demás elementos necesarios para su correcto vaciado. | D59: m3 | E59: 132 | F59: 615735.77 | G59: =E59*F59 -> 81277122
A60: 3.009 | B60: 42760062 | C60: CONSTRUCCION PILAS DE FUNDACION, concreto tipo tremie de 5000 PSI (35 Mpa), TMN 1", incluye el vaciado desde la campana hasta el nivel inferior de la losa de fundación. Incluye suministro, transporte, bombeo con autobomba y colocación del concreto, mano de obra, vibrado, anclaje canasta, protección, para estructuras de acuerdo con las diferentes dimensiones establecidas en los planos y diseños y todos los demás elementos necesarios para su correcto vaciado. | D60: m3 | E60: 1243 | F60: 647952.4 | G60: =E60*F60 -> 8.0540483e+08
A61: 3.010 | B61: 42760063 | C61: CONSTRUCCION CABEZOTE PILAS DE FUNDACION, concreto de 5000 PSI (35 Mpa), TMN 1", incluye suministro, transporte, Formaleta, bombeo con autobomba y colocación del concreto, mano de obra, vibrado, y todos los demás elementos necesarios para su correcto vaciado. | D61: m3 | E61: 44 | F61: 718066 | G61: =E61*F61 -> 31594904
A62: 3.011 | B62: 42760064 | C62: CONSTRUCCION CABEZOTE PILAS DE FUNDACION, concreto de 6000 PSI (42 Mpa), TMN 1", incluye suministro, transporte, Formaleta, bombeo con autobomba y colocación del concreto, mano de obra, vibrado, y todos los demás elementos necesarios para su correcto vaciado. | D62: m3 | E62: 22 | F62: 760925.92 | G62: =E62*F62 -> 16740370
A63: 3.012 | B63: 42760065 | C63: Construcción de VIGA DE FUNDACIÓN Concreto de 4000 PSI (28 MPa) ,TMN1", ”incluye suministro, transporte, Formaleta, bombeo con autobomba y colocación del concreto, mano de obra, vibrado, y todos los demás elementos necesarios para su correcto vaciado. | D63: m3 | E63: 102 | F63: 667948.49 | G63: =E63*F63 -> 68130746
... A70: 3.019 | B70: 42760072 | C70: Construcción de MURO DE CONTENCIÓN en concreto Concreto de 4000 PSI (28 MPa) ,TM1”, con un ESPESOR DE 0,25 m, incluye suministro, transporte, Formaleta, bombeo con autobomba y colocación del concreto, mano de obra, vibrado, y todos los demás elementos necesarios para su correcto vaciado. | D70: m3 | E70: 211 | F70: 920484.68 | G70: =E70*F70 -> 1.9422227e+08
A71: Total Capítulo 3 CONCRETOS SUBESTRUCTURA | G71: =SUM(G52:G70) -> 1.8278483e+09
A72: CAPITULO No. 4 CONCRETOS ESTRUCTURA
A73: 4.001 | B73: 42760073 | C73: Construcción de COLUMNAS RECTANGULARES DE seccion y altura variable. En concreto de 7000 PSI (49 Mpa) , Incluye suministro, transporte y colocación del concreto, formaleta para acabado a la vista, aristas biseladas, desmoldante, vibrado, protección, curado y todos los demás elementos necesarios para su correcta construcción según diseño. | D73: m3 | E73: 200 | F73: 920433.99 | G73: =E73*F73 -> 184086798
A74: 4.002 | B74: 42760074 | C74: Construcción de COLUMNAS RECTANGULARES DE seccion y altura variable TORRE NORTE. En concreto de 7000 PSI (49 Mpa) , Incluye suministro, transporte y colocación del concreto, formaleta para acabado a la vista, aristas biseladas, desmoldante, vibrado, protección, curado y todos los demás elementos necesarios para su correcta construcción según diseño. | D74: m3 | E74: 408 | F74: 920433.99 | G74: =E74*F74 -> 3.7553707e+08
A75: 4.003 | B75: 42760075 | C75: Construcción de COLUMNASRECTANGULARES DE seccion y altura variable TORRE NORTE. En concreto de 6000 PSI (42 Mpa) , Incluye suministro, transporte y colocación del concreto, formaleta para acabado a la vista, aristas biseladas, desmoldante, vibrado, protección, curado y todos los demás elementos necesarios para su correcta construcción según diseño. | D75: m3 | E75: 300 | F75: 868286.79 | G75: =E75*F75 -> 260486037
A76: 4.004 | B76: 42760076 | C76: Concreto Escaleras de 4000 PSI (28 Mpa) mas Vigas descolgadas según detalles estructructurales, en zonas de plazoleta y entrepisos TORRE NORTE. Incluye suministro, transporte y colocación del concreto, formaleta de primera calidad para acabado a la vista de contrahuellas y vigas profundas, moldura chaflán en contrahuellas, vibrado, protección y curado para estructuras, de acuerdo a las diferentes dimensiones establecida en los planos y todos los demás elementos necesarios para su correcto vaciado según diseño. | D76: m3 | E76: 90 | F76: 1525117.2 | G76: =E76*F76 -> 1.3726054e+08
A77: 4.005 | B77: 42760077 | C77: CONCRETO LOSAS AEREAS ALIGERADAS e=0.70m Recubrimiento 0.12 m Concreto 4000 PSI (28 Mpa) (Losas Tipicas) + Nudos 7000 PSI (49 Mpa) S1 y P1 , Casetón Recuperable de Porón mas recubrimiento en cartonplast para cielos en concreto acabado a la vista, Incluye suministro, transporte y colocación del concreto, formaleta para acabado a la vista, aristas biseladas, desmoldante, vibrado, protección, curado y todos los demás elementos necesarios para su correcta construcción según diseño. | D77: m2 | E77: 2584 | F77: 257539.9 | G77: =E77*F77 -> 6.654831e+08
A78: 4.006 | B78: 42760078 | C78: CONCRETO LOSAS AEREAS ALIGERADAS e=0.70m Recubrimiento 0.12 m Concreto 5000 PSI (35 Mpa) (Losas Tipicas) + Nudos 7000 PSI (49 Mpa) P1 TORRE SUR, Casetón Recuperable de Porón, mas recubrimiento en cartonplast para cielos en concreto acabado a la vista, Incluye suministro, transporte y colocación del concreto, formaleta para acabado a la vista, aristas biseladas, desmoldante, vibrado, protección, curado y todos los demás elementos necesarios para su correcta construcción según diseño. | D78: m2 | E78: 957 | F78: 255094.8 | G78: =E78*F78 -> 2.4412572e+08
A79: 4.007 | B79: 42760079 | C79: CONCRETO LOSA DOBLE ALTURA AEREA ALIGERADA e=1.20m de vigas profundas y nervios de 0.60m Recubrimiento 0.10 m Concreto 4000 PSI (28 Mpa) + Nudos 7000 PSI (49 Mpa) TORRE NORTE PISO 3, Casetón Recuperable de Porón, mas recubrimiento en cartonplast para cielos en concreto acabado a la vista, Incluye suministro, transporte y colocación del concreto, formaleta para acabado a la vista, aristas biseladas, desmoldante, vibrado, protección, curado y todos los demás elementos necesarios para su correcta construcción según diseño. | D79: m2 | E79: 725 | F79: 313580.08 | G79: =E79*F79 -> 227345558 | H79: 725
A80: 4.008 | B80: 42760080 | C80: CONCRETO LOSAS AEREAS ALIGERADAS e=0.70m Recubrimiento 0.10 m Concreto 4000 PSI (28 Mpa) (Losas Tipicas) + Nudos 7000 PSI (49 Mpa) TORRE NORTE , Casetón Recuperable de Porón, mas recubrimiento en cartonplast para cielos en concreto acabado a la vista, Incluye suministro, transporte y colocación del concreto, formaleta para acabado a la vista, aristas biseladas, desmoldante, vibrado, protección, curado y todos los demás elementos necesarios para su correcta construcción según diseño. | D80: m2 | E80: 4016 | F80: 257791.53 | G80: =E80*F80 -> 1.0352908e+09 | H80: 4016
A81: 4.009 | B81: 42760081 | C81: CONCRETO LOSAS AEREAS ALIGERADAS e=0.70m Recubrimiento 0.10 m Concreto 4000 PSI (28 Mpa) (Losas Tipicas) + Nudos 6000 PSI (42 Mpa) TORRE NORTE , Casetón Recuperable de Porón, mas recubrimiento en cartonplast para cielos en concreto acabado a la vista, Incluye suministro, transporte y colocación del concreto, formaleta para acabado a la vista, aristas biseladas, desmoldante, vibrado, protección, curado y todos los demás elementos necesarios para su correcta construcción según diseño. | D81: m2 | E81: 3072 | F81: 248119.12 | G81: =E81*F81 -> 7.6222194e+08 | H81: 3072
A82: 4.010 | B82: 42760082 | C82: CONCRETO LOSAS AEREAS ALIGERADAS e=0.60m Recubrimiento 0.10 m Concreto 4000 PSI (28 Mpa) (Losas Tipicas) CUBIERTA Y MAQUINAS TORRE NORTE , Casetón Recuperable de Porón, mas recubrimiento en cartonplast para cielos en concreto acabado a la vista, Incluye suministro, transporte y colocación del concreto, formaleta para acabado a la vista, aristas biseladas, desmoldante, vibrado, protección, curado y todos los demás elementos necesarios para su correcta construcción según diseño. | D82: m2 | E82: 100 | F82: 256263.34 | G82: =E82*F82 -> 25626334
A83: 4.011 | B83: 42760083 | C83: CONCRETO RAMPA ALIGERADAS SOBRE TERRENO e=0.60m Recubrimiento 0.15 m Concreto 4000 PSI (28 Mpa) TORRE NORTE , Casetón NO Recuperable de Madera o Porón,mas recubrimiento en cartonplast para cielos en concreto acabado a la vista, ranurado en espina de pescado, Incluye suministro, transporte y colocación del concreto, desmoldante, vibrado, protección, curado y todos los demás elementos necesarios para su correcta construcción según diseño. | D83: m2 | E83: 131 | F83: 225628.66 | G83: =E83*F83 -> 29557354 | H83: 131
A84: 4.012 | B84: 42760084 | C84: CONCRETO RAMPA AEREAS ALIGERADAS e=0.60m Recubrimiento 0.15 m Concreto 4000 PSI (28 Mpa) (Losas Tipicas) TORRE NORTE , Casetón Recuperable de Madera o Porón, mas recubrimiento en cartonplast para cielos en concreto acabado a la vista, ranurado en espina de pescado, Incluye suministro, transporte y colocación del concreto, formaleta para acabado a la vista, aristas biseladas, desmoldante, vibrado, protección, curado y todos los demás elementos necesarios para su correcta construcción según diseño. | D84: m2 | E84: 66 | F84: 267812.62 | G84: =E84*F84 -> 17675633
A85: 4.013 | B85: 42760085 | C85: Construcción de VIGAS AÉREAS de 0.4 x 0.6 m. Con Concreto 4000 PSI (28 Mpa), TM1". Desde una altura de +0.00 m hasta 5,30 m (P1 a P2) y desde +5.30 m hasta 9.30 m (P2 a P3) medidos desde el nivel de apoyo de la obra falsa hasta el nivel inferior de la viga en TORRE NORTE. Incluye suministro, transporte y colocación del concreto, formaleta de primera calidad en súper T de 19 mm o equivalente, para acabado a la vista, aristas biseladas, suministro, transporte, armado y desarmado de la obra falsa requerida, vibrado, protección, curado y todos los demás elementos necesarios para su correcta construcción. | D85: m3 | E85: 9 | F85: 1053948.8 | G85: =E85*F85 -> 9485539.1
A86: 4.014 | B86: 42760086 | C86: Construcción de COLUMNAS RECTANGULARES DE seccion y altura variable TORRE SUR. En concreto de 7000 PSI (49 Mpa) , Incluye suministro, transporte y colocación del concreto, formaleta para acabado a la vista, aristas biseladas, desmoldante, vibrado, protección, curado y todos los demás elementos necesarios para su correcta construcción según diseño. | D86: m3 | E86: 380 | F86: 920433.99 | G86: =E86*F86 -> 3.4976492e+08
A87: 4.015 | B87: 42760087 | C87: Construcción de COLUMNAS RECTANGULARES DE seccion y altura variable TORRE SUR. En concreto de 6000 PSI (42 Mpa) , Incluye suministro, transporte y colocación del concreto, formaleta para acabado a la vista, aristas biseladas, desmoldante, vibrado, protección, curado y todos los demás elementos necesarios para su correcta construcción según diseño. | D87: m3 | E87: 212 | F87: 868286.79 | G87: =E87*F87 -> 1.840768e+08
A88: 4.016 | B88: 42760088 | C88: Construcción de MUROS TANQUE en concreto Concreto de 4000 PSI (28 MPa) ,TM1”, con un ESPESOR DE 0,20 m, adicionalmente incluir en la mezlca FIBRA Nikon e impermeabilizante integral tipo Plastocrete Dm o equivalente calidad, incluye suministro, transporte, Formaleta, bombeo con autobomba y colocación del concreto, mano de obra, vibrado, y todos los demás elementos necesarios para su correcto vaciado. | D88: m3 | E88: 28.3 | F88: 957052.01 | G88: =E88*F88 -> 27084572
A89: 4.017 | B89: 42760089 | C89: Concreto Escaleras de 4000 PSI (28 Mpa) mas Vigas descolgadas según detalles estructructurales, en zonas de plazoleta y entrepisos TORRE SUR. Incluye suministro, transporte y colocación del concreto, formaleta de primera calidad para acabado a la vista de contrahuellas y vigas profundas, moldura chaflán en contrahuellas, vibrado, protección y curado para estructuras, de acuerdo a las diferentes dimensiones establecida en los planos y todos los demás elementos necesarios para su correcto vaciado según diseño. | D89: m3 | E89: 150 | F89: 1525117.2 | G89: =E89*F89 -> 228767574
A90: 4.018 | B90: 42760090 | C90: CONCRETO LOSA AEREA ALIGERADA DOBLE ALTURA e=0.60m Recubrimiento 0.10 m Concreto 5000 PSI (35 Mpa) (Losas Tipicas) + Nudos 7000 PSI (49 Mpa) P3 TORRE SUR, Casetón Recuperable de Porón, mas recubrimiento en cartonplast para cielos en concreto acabado a la vista, Incluye suministro, transporte y colocación del concreto, formaleta para acabado a la vista, aristas biseladas, desmoldante, vibrado, protección, curado y todos los demás elementos necesarios para su correcta construcción según diseño. | D90: m2 | E90: 535 | F90: 328935.92 | G90: =E90*F90 -> 1.7598072e+08
A91: 4.019 | B91: 42760091 | C91: CONCRETO LOSAS AEREAS ALIGERADAS e=0.60m Recubrimiento 0.10 m Concreto 4000 PSI (28 Mpa) (Losas Tipicas) + Nudos 7000 PSI (49 Mpa) TORRE SUR , Casetón Recuperable de Porón, mas recubrimiento en cartonplast para cielos en concreto acabado a la vista, Incluye suministro, transporte y colocación del concreto, formaleta para acabado a la vista, aristas biseladas, desmoldante, vibrado, protección, curado y todos los demás elementos necesarios para su correcta construcción según diseño. | D91: m2 | E91: 2973 | F91: 248477.92 | G91: =E91*F91 -> 7.3872486e+08
A92: 4.020 | B92: 42760092 | C92: CONCRETO LOSAS AEREAS ALIGERADAS e=0.60m Recubrimiento 0.10 m Concreto 4000 PSI (28 Mpa) (Losas Tipicas) + Nudos 6000 PSI (42 Mpa) TORRE SUR , Casetón Recuperable de Porón, mas recubrimiento en cartonplast para cielos en concreto acabado a la vista, Incluye suministro, transporte y colocación del concreto, formaleta para acabado a la vista, aristas biseladas, desmoldante, vibrado, protección, curado y todos los demás elementos necesarios para su correcta construcción según diseño. | D92: m2 | E92: 2795 | F92: 251675.57 | G92: =E92*F92 -> 7.0343322e+08
A93: 4.021 | B93: 42760093 | C93: CONCRETO LOSA INCLINADA AEREAS ALIGERADAS e=0.90m Recubrimiento 0.10 m Concreto 4000 PSI (28 Mpa) (Losas Tipicas) + Nudos 5000 PSI (35 Mpa) GRADERIAS TEATRO TORRE SUR , mas recubrimiento en cartonplast para cielos en concreto acabado a la vista, Concreto acabado a la vista, Incluye suministro, transporte y colocación del concreto, formaleta para acabado a la vista, aristas biseladas, desmoldante, vibrado, protección, curado y todos los demás elementos necesarios para su correcta construcción según diseño. | D93: m2 | E93: 100 | F93: 295332.24 | G93: =E93*F93 -> 29533224
A94: 4.022 | B94: 42760094 | C94: CONCRETO LOSA AEREA ALIGERADA e=0.60m Recubrimiento 0.10 m Concreto 4000 PSI (28 Mpa) (Losas Tipicas) + Nudos 5000 PSI (35 Mpa) MEZANINE TEATRO , Casetón Recuperable de Porón,mas recubrimiento en cartonplast para cielos en concreto acabado a la vista, Incluye suministro, transporte y colocación del concreto, formaleta para acabado a la vista, aristas biseladas, desmoldante, vibrado, protección, curado y todos los demás elementos necesarios para su correcta construcción según diseño. | D94: m2 | E94: 49 | F94: 302634.26 | G94: =E94*F94 -> 14829079
A95: 4.023 | B95: 42760095 | C95: Construcción de VIGAS AÉREAS de 0.4 x 0.6 m. Con Concreto 4000 PSI (28 Mpa), TM1". Desde una altura de +0.00 m hasta 5,30 m (P1 a P2) y desde +5.30 m hasta 9.30 m (P2 a P3) medidos desde el nivel de apoyo de la obra falsa hasta el nivel inferior de la viga en TORRE SUR. Incluye suministro, transporte y colocación del concreto, formaleta de primera calidad en súper T de 19 mm o equivalente, para acabado a la vista, aristas biseladas, suministro, transporte, armado y desarmado de la obra falsa requerida, vibrado, protección, curado y todos los demás elementos necesarios para su correcta construcción. | D95: m3 | E95: 5 | F95: 1053948.8 | G95: =E95*F95 -> 5269744
... A97: 4.025 | B97: 42760097 | C97: ACELEROGRAFOS (TS Y TN) | D97: u | E97: 3 | F97: 16868000 | G97: =E97*F97 -> 50604000
A98: Total Capítulo 4 CONCRETOS ESTRUCTURA | G98: =SUM(G73:G97) -> 6.5438943e+09
A99: CAPITULO No.5 CONCRETOS VARIOS
A100: 5.001 | B100: 42760098 | C100: TORRE NORTE - Construcción de LAGRIMAL en concreto 21 Mpa (incluye vigueta y sello), con un ANCHO DE 0.30m y un ESPESOR DE 10 cm. Con un concreto impermeabilizado con Sika 1 o equivalente, vaciado en el sitio, No incluye refuerzo. | D100: m | E100: 260 | F100: 112006.02 | G100: =E100*F100 -> 29121565
A101: 5.002 | B101: 42760099 | C101: TORRE NORTE - Construcción de DINTELES Y/O CUELGAS DE 0.15 X 0.20 m. en concreto 21 Mpa. Este elemento va revocado o enchapado en el mismo material de la mampostería, el acabado se pagará en el ítem respectivo. Incluye suministro, transporte y colocación del concreto, formaleta, protección, curado y todos los elementos necesarios para su correcta ejecución. No incluye refuerzo. | D101: m | E101: 194 | F101: 74057.07 | G101: =E101*F101 -> 14367072
A102: 5.003 | B102: 42760100 | C102: TORRE NORTE - Construcción de CÁRCAMO en concreto de 21 Mpa. con un ESPESOR DE PAREDES Y LOSA DE 10 cm, 0.5x0.40 Incluye suministro, transporte y colocación del concreto, las pendientes requeridas, preparada y nivelación del terreno, tapa en concreto de 21 Mpa, conexiones a red existente, tubería y accesorios de ser requeridos. Incluye formaleta y todos los elementos necesarios para su correcta construcción. No incluye entresuelo en piedra, ni acero de refuerzo. Según diseño. | D102: m | E102: 63 | F102: 149091.1 | G102: =E102*F102 -> 9392739.3
A103: 5.005 | B103: 42760102 | C103: TORRE NORTE - Colocación de GROUTING en concreto de 17.5 Mpa., para relleno de muros no estructurales - mamposteria | D103: m3 | E103: 9246 | F103: 9479.81 | G103: =E103*F103 -> 87650323
A104: 5.006 | B104: 42760103 | C104: TORRE NORTE - Construcción de ANCLAJE EPÓXICO sobre estructura de concreto existente para varillas de acero de diámetro hasta 1/2" | D104: un | E104: 7120 | F104: 7532.67 | G104: =E104*F104 -> 53632610
A105: 5.007 | B105: 42760104 | C105: TORRE NORTE - Suministro, diseño e instalación de PUNTOS DE ANCLAJE CERTIFICADOS en cubierta del edificio.Como punto de conexión, mantenimiento y/o para la instalación de líneas de vida temporales | D105: un | E105: 32 | F105: 375000 | G105: =E105*F105 -> 12000000
A106: 5.008 | B106: 42760105 | C106: TORRE NORTE - Construcción de VIGAS DE AMARRE 0.15m x 0.20 m para mamporteria doble altura en concreto de 3000 PSI (21 MPa), TM1", No incluye refuerzo. | D106: ml | E106: 473 | F106: 49669.5 | G106: =E106*F106 -> 23493674
A107: 5.009 | B107: 42760106 | C107: TORRE NORTE - Construcción de MACHONES O COLUMNETAS 0.15m x 0.20 m para mamporteria de apoyo escaleras de 3000 PSI (21 MPa), TM1", No incluye refuerzo. | D107: ml | E107: 118 | F107: 49669.5 | G107: =E107*F107 -> 5861001
A108: 5.010 | B108: 42760107 | C108: TORRE NORTE - Construcción de CORDON 0.15m x 0.20 m en concreto de 3000 PSI (21 MPa), TM1", No incluye refuerzo. | D108: ml | E108: 712 | F108: 43586.96 | G108: =E108*F108 -> 31033916
A109: 5.011 | B109: 42760108 | C109: TORRE NORTE - Construcción de REBANCO PARA TANQUES ELEVADOS EN CUBIERTA. en concreto de 21 Mpa impermeabilizado con Sika 1 o equivalente, Incluye suministro, transporte y colocación del concreto, formaleta súper "T" de 19 mm. o equivalente para acabado a la vista, protección, curado y todos los demás elementos necesarios para su correcta construcción. Según diseño. No incluye refuerzo. | D109: m2 | E109: 35 | F109: 217785.44 | G109: =E109*F109 -> 7622490.4
A110: 5.012 | B110: 42760109 | C110: TORRE SUR - Construcción de LAGRIMAL en concreto 21 Mpa (incluye vigueta y sello), con un ANCHO DE 0.30m y un ESPESOR DE 10 cm. Con un concreto impermeabilizado con Sika 1 o equivalente, vaciado en el sitio, No incluye refuerzo. | D110: m | E110: 72 | F110: 112006.02 | G110: =E110*F110 -> 8064433.4
A111: 5.013 | B111: 42760110 | C111: TORRE SUR - Construcción de DINTELES Y/O CUELGAS DE 0.15 X 0.20 m. en concreto 21 Mpa. Este elemento va revocado o enchapado en el mismo material de la mampostería, el acabado se pagará en el ítem respectivo. Incluye suministro, transporte y colocación del concreto, formaleta, protección, curado y todos los elementos necesarios para su correcta ejecución. No incluye refuerzo. | D111: m | E111: 216 | F111: 74057.07 | G111: =E111*F111 -> 15996327
... A118: 5.021 | B118: 42760118 | C118: TORRE SUR - Construcción de CORDON 0.15m x 0.20 m en concreto de 3000 PSI (21 MPa), TM1", No incluye refuerzo. | D118: m | E118: 1007 | F118: 43586.96 | G118: =E118*F118 -> 43892069
A119: Total Capítulo 5 CONCRETOS VARIOS | G119: =SUM(G100:G118) -> 4.3897393e+08
A120: CAPITULO No. 6 ACEROS
A121: 6.001 | B121: 42760119 | C121: TORRE NORTE - Suministro, transporte e instalación de ACERO DE REFUERZO FIGURADO FY= 420 Mpa-60000 PSI, corrugado. Incluye transporte con descarga, transporte interno, alambre de amarre, certificados y todos los elementos necesarios para su correcta instalación, según diseño y recomendaciones estructurales | D121: kg | E121: 340000 | F121: 5868.93 | G121: =E121*F121 -> 1995436200
A122: 6.002 | B122: 42760120 | C122: TORRE NORTE - Suministro, transporte e instalación de ACERO DE REFUERZO FIGURADO PARA DOVELAS Y ELEMENTOS NO ESTRUCTURALES FY= 420 Mpa-60000 PSI, corrugado. Incluye transporte con descarga, transporte interno, alambre de amarre, certificados y todos los elementos necesarios para su correcta instalación, según diseño y recomendaciones estructurales. | D122: kg | E122: 12000 | F122: 5868.93 | G122: =E122*F122 -> 70427160
A123: 6.003 | B123: 42760121 | C123: TORRE NORTE - Colocación de MALLA ELECTROSOLDADA TIPO D 158. Incluye el suministro y el transporte del material y todos los elementos necesarios para su correcta colocación | D123: m2 | E123: 40289 | F123: 7617.04 | G123: =E123*F123 -> 3.0688292e+08
A124: 6.004 | B124: 42760122 | C124: TORRE NORTE - Colocación de MALLA ELECTROSOLDADA TIPO D 188. Incluye el suministro y el transporte del material y todos los elementos necesarios para su correcta colocación | D124: m2 | E124: 254 | F124: 7617.04 | G124: =E124*F124 -> 1934728.2
A125: 6.005 | B125: 42760123 | C125: TORRE NORTE - Colocación de MALLA ELECTROSOLDADA TIPO D 106. Incluye el suministro y el transporte del material y todos los elementos necesarios para su correcta colocación | D125: m2 | E125: 1000 | F125: 7617.04 | G125: =E125*F125 -> 7617040
A126: 6.006 | B126: 42760124 | C126: TORRE NORTE - Construcción y montaje de ESTRUCTURA METÁLICA con anticorrosivo epóxico+pintura poliuretano, en PERFILERIA PTE para elementos de FACHADA mas PASARELA TECNICA EN REJILLA METALICA, según diseño. Incluye: suministro y transporte y colocacion | D126: Kg | E126: 8760 | F126: 22855.9 | G126: =E126*F126 -> 200217684
A127: 6.007 | B127: 42760125 | C127: TORRE SUR - Suministro, transporte e instalación de ACERO DE REFUERZO FIGURADO FY= 420 Mpa-60000 PSI, corrugado. Incluye transporte con descarga, transporte interno, alambre de amarre, certificados y todos los elementos necesarios para su correcta instalación, según diseño y recomendaciones estructurales | D127: kg | E127: 180000 | F127: 5868.93 | G127: =E127*F127 -> 1056407400
A128: 6.008 | B128: 42760126 | C128: TORRE SUR - Suministro, transporte e instalación de ACERO DE REFUERZO FIGURADO PARA DOVELAS Y ELEMENTOS NO ESTRUCTURALES FY= 420 Mpa-60000 PSI, corrugado. Incluye transporte con descarga, transporte interno, alambre de amarre, certificados y todos los elementos necesarios para su correcta instalación, según diseño y recomendaciones estructurales. | D128: kg | E128: 13579 | F128: 5868.93 | G128: =E128*F128 -> 79694200
...

Sheet 2.2 PRESUPUESTO INTERVENTORÍA
A1: PRESUPUESTO OFICIAL
A3: OBJETO: | C3: INTERVENTORÍA PARA LA CONSTRUCCION DE LA NUEVA SEDE PALACIO MUNICIPAL DE ENVIGADO
A4: PLAZO (MESES): | C4: 23
A6: 1. CALCULO DE PERSONAL
A8: ITEM | B8: CARGO | C8: PROFESION | D8: CANT. | E8: % UTILIZACION | F8: SALARIO BASICO | G8: No. DE MESES | H8: VALOR TOTAL
A9: 1 | B9: Director de Interventoria. Cat I. | C9: Ingeniero civil | D9: 1 | E9: 1 | F9: =+'[2]TABLA SALARIAL'!F11 -> 9183721 | G9: =+C$4 -> 23 | H9: =E9*F9*G9*D9 -> 2.1122558e+08
A10: 2 | B10: Residente de interventoría | C10: Ingeniero civil | D10: 2 | E10: 1 | F10: 4773598.2 | G10: =+C$4 -> 23 | H10: =E10*F10*G10*D10 -> 2.1958552e+08
A11: 3 | B11: Residente auxiliar | C11: Ingeniero civil | D11: 2 | E11: 1 | F11: =+'[2]TABLA SALARIAL'!F20 -> 2008939 | G11: =+C$4 -> 23 | H11: =E11*F11*G11*D11 -> 92411192
A12: 4 | B12: Tecnólogo auxiliar | C12: Tecnologo en construcciones civiles | D12: 2 | E12: 1 | F12: =+'[2]TABLA SALARIAL'!F19 -> 2295930.2 | G12: =+C$4 -> 23 | H12: =E12*F12*G12*D12 -> 1.0561279e+08
A13: 5 | B13: Gestor social | C13: Profesional Social | D13: 1 | E13: 1 | F13: 3500000 | G13: =+C$4 -> 23 | H13: =E13*F13*G13*D13 -> 80500000
A14: 6 | B14: Residente Ambiental | C14: Ingeniero Ambiental | D14: 1 | E14: 1 | F14: =+'[2]TABLA SALARIAL'!F14 -> 4591860.5 | G14: =+C$4 -> 23 | H14: =E14*F14*G14*D14 -> 1.0561279e+08
A15: 7 | B15: Residente redes Secas | C15: Ingeniero electrico | D15: 2 | E15: 1 | F15: 4500000 | G15: 19 | H15: =E15*F15*G15*D15 -> 171000000
A16: 8 | B16: Profesional de costos, presupuestos y programación de obra con manejo BIM | C16: Ingeniero civil | D16: 1 | E16: 1 | F16: =+'[2]TABLA SALARIAL'!F14 -> 4591860.5 | G16: =+C$4 -> 23 | H16: =E16*F16*G16*D16 -> 1.0561279e+08
A17: 9 | B17: Residente redes Húmedas | C17: Ingeniero sanitario o Ingeniero civil | D17: 2 | E17: 1 | F17: =+'[2]TABLA SALARIAL'!F14 -> 4591860.5 | G17: 19 | H17: =E17*F17*G17*D17 -> 1.744907e+08
A18: 10 | B18: Profesional SST | C18: Ingeniero SST Ambiental o similar | D18: 1 | E18: 1 | F18: 3500000 | G18: =+C$4 -> 23 | H18: =E18*F18*G18*D18 -> 80500000
A19: SUBTOTAL SALARIOS DE PERSONAL | H19: =SUM(H9:H18) -> 1.3465514e+09
A20: 11 | B20: Supervisor Técnico | C20: Ingeniero civil | D20: 2 | E20: 1 | F20: 6500012.4 | G20: 23 | H20: =+D20*E20*F20*G20 -> 2.9900057e+08
A21: 1. TOTAL SALARIOS DE PERSONAL | H21: =+H19+H20 -> 1.6455519e+09
A23: 2. CALCULO FACTOR MULTIPLICADOR PERSONAL
A25: ITEM | B25: DESCRIPCION | C25: PORCENTAJE (%)
A26: 1 | B26: SUELDO | C26: 1
A27: 2 | B27: PRESTACIONES SOCIALES
A28: 2.1 | B28: PRESTACIONES LEGALES | C28: =SUM(C29:E32) -> 0.2183
B29: CESANTIAS ANUALES | C29: 0.0833
B30: INTERES SOBRE CESANTIA | C30: 0.01
B31: VACACIONES ANUALES (15 DIAS) | C31: 0.0417
B32: PRIMA ANUAL DE SERVICIOS | C32: 0.0833
A33: 2.2 | B33: APORTES PARAFISCALES | C33: =C34 -> 0.04
B34: CAJA DE COMPENSACION | C34: 0.04
A35: 2.3 | B35: SEGURIDAD SOCIAL | C35: =SUM(C36:E38) -> 0.2746
B36: SISTEMA DE SEGURIDAD SOCIAL : SALUD | C36: 0.085
B37: SISTEMA DE SEGURIDAD SOCIAL : PENSIÒN | C37: 0.12
B38: ARP PERSONAL EN OBRA | C38: 0.0696
A39: 2.4 | B39: OTROS COSTOS PRESTACIONALES | C39: =C40+C41 -> 0.06
B40: PRESTACIONES EXTRALEGALES Y AUXILIOS | C40: 0.05
B41: DOTACION | C41: 0.01
B42: SEGURO COLECTIVO | C42: 0
B43: SEGURO COLECTIVO | C43: 0
A44: 3 | B44: HONORARIOS | C44: 0.3
A45: 2. F. M. PERSONAL | D45: =C26+C28+C33+C35+C39+C44 -> 1.8929
D46: =ROUNDUP(D45,2) -> 1.9
A47: (1)* (2) =SUB TOTAL PERSONAL CON F.M. | D47: =+$D$46*$H$21 -> 3.1265487e+09
A49: 3. CALCULO DE COSTOS REEMBOLSABLES
A51: ITEM | B51: DESCRIPCION | C51: CANTIDAD MES | D51: UNIDAD | E51: VALOR UNITARIO MES | F51: No. DE MESES | G51: VALOR TOTAL
A52: 1 | B52: INSUMOS
A53: 1.1 | B53: Provisión para compra de insumos y servicios autorizados por el supervisor del contrato | C53: 1 | D53: und | E53: 500000 | F53: 23 | G53: =E53*F53*C53 -> 11500000
A54: 1.2 | B54: Plan de celular (voz y datos) | C54: 4 | D54: und | E54: 75000 | F54: 23 | G54: =E54*F54*C54 -> 6900000
A55: 2 | B55: EQUIPOS
A56: 2.1 | B56: Compra de equipos de computo requeridos y autorizados por el supervisor del contrato | C56: 13 | D56: und | E56: 2200000 | F56: 1 | G56: =E56*F56*C56 -> 28600000
A57: 3 | B57: ASESORIAS, PERSONAL Y ENSAYOS DE LABORATORIO | G57: =E57*F57*C57 -> 0
A58: 3.1 | B58: Comision de topografia: Incluye el equipo de topografia completo con su respectivo personal básico (Topografo, Cadenero, Ayudante), la generación de cartera topografica y los planos en planta y perfil | C58: 15 | D58: día | E58: 555041 | F58: 23 | G58: =E58*F58*C58 -> 191489145
A59: 3.2 | B59: Compra de muebles y enseres campamentos | C59: 0 | D59: MES | E59: 1000000 | F59: =C4 -> 23 | G59: =E59*F59*C59 -> 0
A60: 3.3 | B60: Provisión para ensayos de laboratorios que requiera la interventoria previa autorización del supervisor | C60: 10 | D60: mes | E60: 500000 | F60: 23 | G60: =E60*F60*C60 -> 115000000
A61: 3.4 | B61: Horas de Asesorias requeridas por la interventoria previa autorización del supervisor | C61: 30 | D61: hora | E61: 230000 | F61: 23 | G61: =E61*F61*C61 -> 158700000
A62: SUB TOTAL COSTOS REEMBOLSABLES | G62: =SUM(G53:G61) -> 512189145
A63: UTILIDAD (5%) | G63: 0.05
A64: SUB TOTAL UTILIDAD (5%) | G64: =G62*G63 -> 25609457
A65: (3). TOTAL COSTOS REEMBOLSABLES | G65: =SUM(G62:G64) -> 5.377986e+08
A67: (1*2) + (3) = SUB TOTAL PERSONAL + REEMBOLSABLE | G67: =G65+D47 -> 3.6643473e+09
A69: 4. COSTOS INDIRECTOS
A71: 4 | B71: GASTOS LEGALES, DE ADMINISTRACION O INDIRECTOS | C71: =C72+C85 -> 0.062960183
A72: 4.1 | B72: ADMINISTRACION | C72: =$E$84/$G$67 -> 0.017760183
B73: DETALLE | C73: SALARIO | D73: DEDICACION | E73: TOTAL
B74: GERENCIA | C74: =1.0161*9067203 -> 9213185 | D74: 0.25 | E74: =C74*$D$74*$C$4 -> 52975814
B75: SECRETARIA | C75: =1.0161*1147536 -> 1166011.3 | D75: 0.25 | E75: =C75*$D$75 -> 291502.83
B76: CONTADORA | C76: =1.0161*2500000 -> 2540250 | E76: =C76*$D$75 -> 635062.5
B77: MENSAJERO | C77: =1.0161*1000000 -> 1016100 | E77: =C77*$D$75 -> 254025
B78: ALQUILER OFICINA | C78: =1.0161*1200000 -> 1219320 | E78: =C78*$D$75 -> 304830
B79: SERVICIOS PÚBLICOS | C79: =1.0161*400000 -> 406440 | E79: =C79*$D$75 -> 101610
B80: DETALLE | C80: VALOR MES | D80: MESES | E80: TOTAL
B81: PAPELERIA Y FACTURACIÓN | C81: =1.0161*150000 -> 152415 | D81: 23 | E81: =C81*D81 -> 3505545
B82: COMUNICACIÓN | C82: =1.0161*150000 -> 152415 | D82: 23 | E82: =C82*D82 -> 3505545
B83: OTROS (CAMARAS, USB) | C83: =1.0161*150000 -> 152415 | D83: 23 | E83: =C83*D83 -> 3505545
B84: SUBTOTAL ADMINISTRACION | E84: =SUM(E74:E79,E81:E83) -> 65079479
A85: 4.2 | B85: LEGALES | C85: =SUM(C86:C86) -> 0.0452
B86: GASTOS LEGALES | C86: 0.0452
A87: 4. % COSTOS INDIRECTOS | D87: =+C72+C85 -> 0.062960183
D88: =ROUNDUP(D87,2) -> 0.07
A89: SUB TOTAL COSTOS DIRECTOS + INDIRECTOS | D89: =$D$88*$G$67 -> 2.5650431e+08
A91: 5. RESUMEN TOTAL
A93: ITEM | B93: DESCRIPCION | C93: VALOR
A94: 1 | B94: SUB TOTAL PERSONAL CON F.M. | C94: =ROUND(D47,0) -> 3126548674
A95: 2 | B95: SUB TOTAL COSTOS REEMBOLSABLES | C95: =ROUND(G65,0) -> 537798602
A96: 3 | B96: SUB TOTAL (1+2) | C96: =+C94+C95 -> 3664347276
A97: 4 | B97: % COSTOS INDIRECTOS | C97: =+D88 -> 0.07
A98: 5 | B98: VALOR COSTOS INDIRECTOS | C98: =ROUND(D89,0) -> 256504309
A99: 6 | B99: TOTAL RECURSOS A ADMINISTRAR | C99: =+C98+C96 -> 3920851585
A100: 7 | B100: IVA 19% | C100: =+C99*0.19 -> 7.449618e+08
A101: VALOR TOTAL DEL CONTRATO | C101: =+C99+C100 -> 4.6658134e+09 | D101: =C101-E101 -> 0.091491699 | E101: 4.6658134e+09

Sheet firmas
A4: Elaborado por:
A5: JUAN DAVID HENAO OSORIO
A6: Profesional universitario
A7: Fecha:
A9: Revisado por:
A10: MANUELA DAVID VASQUEZ
A11: Directora de Planeación de Obras de Desarrollo
A12: Fecha: | B12: =+B7 -> 0
A14: Aprobado por:
A15: BEATRIZ ELENA PABÓN ACEVEDO
A16: Secretaria de Obras Públicas
A17: Fecha: | B17: =+B12 -> 0

Sheet FORMA DE PAGO
A2: RECURSO A ADMINISTRAR
A3: AÑO RECURSO | B3: VALOR | C3: TIPO RECURSO
A4: 2021 | B4: 14000000000 | C4: CRÉDITO
A5: 2021 | B5: 778582720 | C5: PROPIOS
A6: 2021 | B6: 12000000000 | C6: COFINANCIACIÓN AMVA
A7: 2022 | B7: 32000000000 | C7: COFINANCIACIÓN AMVA
A8: 2023 | B8: 30392739786 | C8: COFINANCIACIÓN AMVA
A9: 2023 | B9: 9352562249 | C9: PROPIOS
A10: TOTAL | B10: =SUM(B4:B9) -> 98523884755
A11: Una vez se tengan los CDP se verificará la información de la tabla 1
B14: TOTAL COMPONENTES | C14: ='PRESUPUESTO RESUMEN'!E26 -> 9.2990925e+10
B15: HONORARIOS + IVA | C15: ='PRESUPUESTO RESUMEN'!E29 -> 5532960022
B16: VALOR APORTES | C16: =C14+C15 -> 9.8523885e+10
A19: FORMA DE PAGO
B21: HONORARIOS + IVA
B22: DESCRIPCIÓN | C22: VALOR | D22: TIPO RECURSO
B23: El Municipio consignará los recursos en la cuenta bancaria determinada por DESur en la vigencia fiscal 2021. | C23: =C15 -> 5532960022 | D23: CREDITO 2021
B24: TOTAL | C24: =C23 -> 5532960022
B26: AUTORIZACIÓN DESEMBOLSO HONORARIOS
B27: AVANCE DE OBRA | C27: PAGO DE HONORARIOS
B28: Con la entrega de diagnóstico contexto social | C28: 20% del valor de los honorarios
B29: Con un 20% de avance de obra | C29: 30% del valor de los honorarios
B30: Con un 50% de avance de obra | C30: 40% del valor de los honorarios
B31: Con el 100% del acta de ejecución | C31: 10% del valor de los honorarios
B33: RECURSO A ADMINISTRAR
B34: DESCRIPCIÓN | C34: VALOR
B35: Pago N°1 una1 una vez se tenga inicio en la plataforma SECOP II. | C35: 3.1180259e+09
B36: Pago N°2 en el mes de noviembre de 2021 | C36: 6.1275968e+09
B37: Pago N°3 en el mes de diciembre de 2021 | C37: =B6 -> 12000000000
B38: Pago N°4 en el mes de febrero de 2022 | C38: =B7/2 -> 16000000000
B39: Pago N°5 en el mes de junio de 2022 | C39: 16000000000
B40: Pago N°6 en el mes de febrero de 2023 | C40: 1.9872651e+10
B41: Pago N°7 en el mes de abril de 2023 | C41: 1.9872651e+10
B42: TOTAL | C42: =SUM(C35:C41) -> 92990924733
